 Dungeon Crawl Stone Soup version 0.28-a0-691-gad6df49e81 (webtiles) character file.

Game seed: 3526570740817561808

2527 Demosthentine the Spear-Bearer (level 9, -10/71 HPs)
             Began as a Merfolk Gladiator on Oct 23, 2021.
             Mangled by Joseph (18 damage)
             ... on level 7 of the Dungeon.
             The game lasted 00:07:50 (7562 turns).

Demosthentine the Spear-Bearer (Merfolk Gladiator)  Turns: 7562, Time: 00:07:50

Health: -10/71     AC:  6    Str: 16    XL:     9   Next: 54%
Magic:  18/18      EV: 18    Int: 13    God:
Gold:   170        SH:  6    Dex: 21    Spells: 8/8 levels left

rFire   . . .      SeeInvis +   d - +3 trident (vorpal)
rCold   . . .      Faith    .   l - +0 buckler
rNeg    . . .      Spirit   .   b - +0 leather armour
rPois   .          Reflect  .   c - +1 helmet
rElec   .          Harm     .   (no cloak)
rCorr   .          Rampage  .   (no gloves)
Will    .....                   r - +0 pair of boots
Stlth   ++........              (no amulet)
HPRegen 0.21/turn               k - ring of Habral {MP+9 Dex+4 SInv}
MPRegen 0.16/turn               n - +6 ring of intelligence

@: no status effects
A: (nimble swimmer 2), mertail
a: no special abilities


You were on level 7 of the Dungeon.
You visited 1 branch of the dungeon, and saw 7 of its levels.

You collected 170 gold pieces.

Inventory:

Hand Weapons
 a - a +1 trident of venom
 d - a +3 vorpal trident (weapon)
Armour
 b - a +0 leather armour (worn)
 c - a +1 helmet (worn)
 l - a +0 buckler (worn)
 r - a +0 pair of boots (worn)
Jewellery
 k - the ring of Habral (left hand) {MP+9 Dex+4 SInv}
   (You found it on level 3 of the Dungeon)

   [ring of see invisible]

   Dex:       It affects your dexterity (+4).
   MP:        It affects your magic capacity (+9).
   SInv:      It lets you see invisible.
 n - a +6 ring of intelligence (right hand)
Wands
 h - a wand of mindburst (28)
Scrolls
 e - 6 scrolls of identify
 g - a scroll of magic mapping
 i - a scroll of silence
 m - 2 scrolls of teleportation
 q - 2 scrolls of enchant weapon
 s - a scroll of fear
Potions
 f - a potion of attraction
 j - a potion of curing
 o - 3 potions of brilliance
 p - 3 potions of heal wounds


   Skills:
 + Level 6.8 Fighting
 + Level 9.5 Polearms
 - Level 2.0 Throwing
 + Level 4.3 Armour
 + Level 8.9 Dodging
 - Level 4.0 Shields


You had 8 spell levels left.
You didn't know any spells.
Your spell library contained the following spells:

 Spells                   Type           Power      Damage    Failure   Level
 Beastly Appendage        Tmut           0%         N/A       36%         1
 Slow                     Hex            0%         N/A       50%         2
 Wereblood                Tmut           0%         N/A       50%         2
 Confusing Touch          Hex            0%         N/A       73%         3
 Spider Form              Tmut/Pois      0%         N/A       73%         3
 Stone Arrow              Conj/Erth      0%         3d7       73%         3
 Vampiric Draining        Necr           0%         2d6       73%         3
 Dragon Form              Tmut           0%         N/A       100%        7


Dungeon Overview and Level Annotations

Branches:
Dungeon (7/15)
 Temple: D:4-7

Altars:
Fedhas
Okawaru
Trog
Yredelemnul

Annotations:
D:4 3 runed translucent doors, ytrimaz's ghost, amateur FoFi
D:5 3 runed translucent doors, voltaire321's ghost, novice OpIE
D:7 Joseph


Innate Abilities, Weirdness & Mutations

((You are quick and stealthy near water. (Stealth+, EV+, Speed+++)))
Your lower body shifts to a powerful aquatic tail in water.


Message History

Joseph wields a +1 quarterstaff of speed.
Joseph closely misses you.
You barely miss Joseph.
Joseph is moderately wounded.
Joseph hits you with a +1 quarterstaff of speed!
You barely miss Joseph.
Joseph is moderately wounded.
Joseph hits you with a +1 quarterstaff of speed!
* * * LOW HITPOINT WARNING * * *
Joseph barely misses you.
You puncture Joseph!
Joseph is heavily wounded.
You block Joseph's attack.
You hit Joseph.
Joseph is heavily wounded.
Joseph closely misses you.
Unknown command.
Unknown command.
You feel much better. Joseph misses you.
Joseph hits you with a +1 quarterstaff of speed!
You puncture Joseph!
Joseph is severely wounded.
Joseph hits you with a +1 quarterstaff of speed!
You closely miss Joseph.
Joseph is severely wounded.
Joseph hits you with a +1 quarterstaff of speed!
* * * LOW HITPOINT WARNING * * *
You barely miss Joseph.
Joseph is severely wounded.
Joseph misses you.
You hit Joseph.
Joseph is severely wounded.
Joseph closely misses you. Joseph says, "I'm happy to see you.
And I'll be happy to kill you."
Joseph hits you with a +1 quarterstaff of speed!
* * * LOW HITPOINT WARNING * * *
You hit Joseph.
Joseph is almost dead.
Joseph hits you with a +1 quarterstaff of speed!!
You die...

#....# #.#### #.#
#.# #### #.# #..#
#.# #..# #.#
#.#.###..######.#
#....@@.........#
###.#############


You could see Joseph.

Vanquished Creatures
  Grinder (D:5)
  3 yaks (D:5)
  2 sky beasts
  A black bear (D:4)
  An ice beast (D:3)
  A necrophage (D:6)
  3 ogres (D:5)
  A water moccasin zombie (D:3)
  2 scorpions
  A wyvern skeleton (D:5)
  9 wights
  A howler monkey (D:7)
  2 bullfrog zombies (D:6)
  3 hounds (D:5)
  3 orc priests
  A bullfrog skeleton (D:6)
  An iguana (D:6)
  3 orc wizards
  A hound skeleton (D:5)
  3 gnolls (D:5)
  A howler monkey skeleton (D:5)
  6 adders
  An adder skeleton (D:4)
  A worm (D:2)
  8 dart slugs
  21 orcs
  3 bats
  10 endoplasms
  A giant cockroach (D:2)
  6 goblins
  A hobgoblin (D:2)
  2 jackals (D:5)
  A quokka (D:1)
  6 ball pythons
  2 frilled lizards (D:3)
  3 kobolds
  4 rats
120 creatures vanquished.

Notes
Turn   | Place    | Note
-------+----------+-------------------------------------------
     0 | D:1      | Demosthentine the Merfolk Gladiator began the quest for the
                  | Orb.
     0 | D:1      | Reached XP level 1. HP: 16/16 MP: 1/1
   417 | D:1      | Reached XP level 2. HP: 21/23 MP: 2/2
  1035 | D:2      | Reached XP level 3. HP: 22/28 MP: 3/3
  1165 | D:2      | Found an iron altar of Okawaru.
  1383 | D:2      | Reached skill level 5 in Polearms
  1518 | D:2      | Reached skill level 1 in Armour
  1698 | D:2      | Found a faded altar of an unknown god.
  1795 | D:2      | Reached XP level 4. HP: 34/34 MP: 4/4
  1815 | D:3      | Reached skill level 5 in Dodging
  1825 | D:3      | Reached XP level 5. HP: 22/41 MP: 5/5
  2154 | D:3      | Noticed a sky beast
  2175 | D:3      | Killed a sky beast
  2518 | D:3      | Reached skill level 6 in Polearms
  2518 | D:3      | Reached XP level 6. HP: 48/48 MP: 6/6
  2525 | D:3      | Identified the ring of Habral {MP+9 Dex+4 SInv}
  2563 | D:3      | Found a bloodstained altar of Trog.
  2658 | D:3      | Noticed an ice beast
  2676 | D:3      | Killed an ice beast
  3049 | D:3      | Found a basalt altar of Yredelemnul.
  3049 | D:3      | Found a blossoming altar of Fedhas.
  3289 | D:4      | Noticed a sky beast
  3304 | D:4      | Killed a sky beast
  3365 | D:4      | Reached XP level 7. HP: 54/54 MP: 7/7
  3523 | D:4      | Reached skill level 1 in Shields
  3594 | D:4      | Got Xiczoure's Volume of Transmutation and the Rocks
  3852 | D:4      | Found a runed translucent gate.
  3852 | D:4      | Found a runed translucent gate.
  3853 | D:4      | Noticed ytrimaz's ghost (amateur FoFi)
  3854 | D:4      | Found a runed translucent gate.
  4071 | D:5      | Entered Level 5 of the Dungeon
  4086 | D:5      | Reached skill level 7 in Polearms
  4157 | D:5      | Reached skill level 5 in Fighting
  4157 | D:5      | Reached XP level 8. HP: 16/62 MP: 8/8
  4718 | D:5      | Noticed a yak
  4718 | D:5      | Noticed a yak
  4719 | D:5      | Noticed a yak
  4753 | D:5      | Killed a yak
  4758 | D:5      | HP: 3/62 [gnoll (7)]
  5203 | D:5      | Killed a yak
  5204 | D:5      | Reached skill level 8 in Polearms
  5225 | D:5      | Killed a yak
  5481 | D:5      | Noticed Grinder
  5483 | D:5      | Paralysed by Grinder for 4 turns
  5502 | D:5      | Killed Grinder
  5503 | D:5      | Reached XP level 9. HP: 52/69 MP: 9/9
  5600 | D:5      | Found a runed translucent gate.
  5605 | D:5      | Found a runed translucent gate.
  5605 | D:5      | Found a runed translucent gate.
  5615 | D:5      | Noticed voltaire321's ghost (novice OpIE)
  6170 | D:5      | Reached skill level 9 in Polearms
  7541 | D:7      | Noticed Joseph
  7562 | D:7      | Mangled by Joseph

Illustrated notes

Levels and vault maps discovered:
D:1:      dpeg_arrival_pond, layout_basic, roderic_cross_of_infinity,
          chequers_serial_rivers_micro_a, chequers_mini_garden, glass_columns_c
D:2:      layout_rooms, ebering_ecumenical_altar_hall, basic_altar
D:3:      layout_loops_ring, mainiacjoe_overflow_cross_hatched,
          gammafunk_temple_overflow_statue, minmay_checkerbox
D:4:      layout_loops_ring, gammafunk_ghost_necromancy
D:5:      kennysheep_slugbush, layout_rooms, ebering_ghost_rock_garden,
          uniq_grinder
D:6:      layout_gridville
D:7:      layout_loops_cross, minmay_temple_entry_tees, uniq_joseph

Skill      XL: |  1  2  3  4  5  6  7  8  9 |
---------------+----------------------------+-----
Polearms       | 5 6 7 8 9 |  9.5
Armour         | 1 2 3 4 |  4.3
Fighting       | 3 4 5 6 |  6.8
Dodging        | 5 6 8 |  8.9
Shields        | 1 3 4 |  4.0
Throwing       | |  2.0

Action                   |  1- 3 |  4- 6 |  7- 9 || total
-------------------------+-------+-------+-------++-------
Melee: Trident           |    78 |   103 |   339 ||   520
       Tailslap          |       |     3 |    15 ||    18
Throw: Throwing net      |       |     1 |     3 ||     4
  Use: Scroll            |     7 |     3 |     7 ||    17
       Potion            |       |     3 |     1 ||     4
 Stab: Sleeping          |     3 |     5 |     2 ||    10
       Held in net/web   |       |       |     2 ||     2
       Confused          |       |       |     1 ||     1
Armor: Leather armour    |    16 |    17 |    30 ||    63
Dodge: Dodged            |    34 |    54 |   199 ||   287
Block: Buckler           |       |       |     7 ||     7

Table legend: (Time is in decaauts)
 A = Elapsed time spent in this place.
 B = Non-inter-level travel time spent in this place.
 C = Inter-level travel time spent in this place.
 D = Time resting spent in this place.
 E = Time spent auto-exploring this place.
 F = Levels seen in this place.
 G = Mean time per level.
                   A        B        C        D        E       F      G
               +--------+--------+--------+--------+--------+-----+--------+
         Total |   7500 |   7249 |    251 |    501 |   5743 |   7 | 1071.4 |
       Dungeon |   7500 |   7249 |    251 |    501 |   5743 |   7 | 1071.4 |
               +--------+--------+--------+--------+--------+-----+--------+

Top non-repeatable levels by time:
     D:5: 1865 daAuts
     D:4: 1367 daAuts
     D:3: 1305 daAuts
     D:2: 924 daAuts
     D:1: 876 daAuts
     D:6: 854 daAuts
     D:7: 306 daAuts
